 Dungeon Crawl Stone Soup version 0.31-a0-276-ge00219d475 (webtiles) character file.

Game seed: 1081057169266673032

2947 AIAndy the Mimic (level 9, -19/68 HPs)
             Began as a Troll Shapeshifter on July 15, 2023.
             Was a Believer of Hepliaklqana.
             Demolished by a death yak (22 damage)
             ... on level 8 of the Dungeon.
             The game lasted 00:27:55 (5413 turns).

AIAndy the Mimic (Troll Shapeshifter)               Turns: 5413, Time: 00:27:55

Health: -19/68     AC:  4    Str: 35    XL:     9   Next: 51%
Magic:  17/17      EV: 10    Int:  6    God:    Hepliaklqana [**....]
Gold:   296        SH:  0    Dex: 14    Spells: 8/8 levels left

rFire   x .          .
                       - Unarmed
rCold   + . .        (shield currently unavailable)
rNeg    . . .        v - +2 robe {rC+}
rPois   +            (helmet restricted)
rElec   .            (no cloak)
rCorr   .            (gloves unavailable)
SInv    .            (boots unavailable)
Will    .....        (no amulet)
Stlth   +            S - +6 ring of strength
HPRegen 1.11/turn    r - ring of Poful {rPois rF- MP+9 Int+2 Dex+4}
MPRegen 0.15/turn

%: no passive effects
@: blade hands
A: reduced essence, large, unfitting armour, claws 3, regeneration 1, shaggy fur
1, tough skin 1
a: Begin Untransformation, Renounce Religion, Recall Ancestor, Ancestor Identity


You were on level 8 of the Dungeon.
You worshipped Hepliaklqana.
Hepliaklqana was pleased with you.
You had blades for hands.
You visited 2 branches of the dungeon, and saw 9 of its levels.

You collected 395 gold pieces.
You spent 99 gold pieces at shops.


Innate Abilities, Weirdness & Mutations

You have blades for hands.
Your spellcasting is less reliable in this form.
You are incapable of wielding weapons or throwing items.
Your life essence is reduced to manifest your ancestor. (-10% HP)
You are too large for most types of armour.
You have claws for hands.
Your natural rate of healing is unusually fast.
You are covered in fur. (AC +1)
You have tough skin. (AC +1)


   Skills:
 - Level 1.5 Fighting
 - Level 1.5 Dodging
 * Level 6.3 Unarmed Combat
 + Level 10.4 Shapeshifting


You had 8 spell levels left.
You didn't know any spells.
Your spell library contained the following spells:

 Spells                   Type           Power      Damage    Failure   Level
 Cigotuvi's Dreadful Rot  Necr/Pois/Air  0%         N/A       91%         2
 Ignite Poison            Fire/Tmut/Pois 0%         N/A       98%         3
 Freezing Cloud           Conj/Ice/Air   0%         6-21      100%        5

Inventory:

Missiles
 a - 4 poisoned darts
 s - a silver boomerang (quivered)
Armour
 v - a +2 robe of cold resistance (worn)
Jewellery
 r - the ring of Poful (right blade hand) {rPois rF- MP+9 Int+2 Dex+4}
   (You found it on level 4 of the Dungeon)

   [ring of poison resistance]

   Int:       It affects your intelligence (+2).
   Dex:       It affects your dexterity (+4).
   rF:        It makes you vulnerable to fire.
   rPois:     It protects you from poison.
   MP:        It affects your magic capacity (+9).
 S - a +6 ring of strength (left blade hand)
Talismans
 c - a beast talisman
 j - a blade talisman
Scrolls
 f - 2 scrolls of fear
 k - 4 scrolls of enchant armour {unknown}
 l - 2 scrolls of blinking {unknown}
 m - 2 scrolls of immolation {unknown}
 n - a scroll of amnesia {unknown}
 o - a scroll of poison {unknown}
 q - 4 scrolls of teleportation {@r4}
 t - a scroll of enchant weapon {unknown}
 x - 4 scrolls of silence {unknown}
Potions
 b - 2 potions of lignification {!q}
 d - a potion of magic
 e - 2 potions of curing {@q1}
 g - 2 potions of mutation {!q}
 h - 3 potions of brilliance
 i - 2 potions of might
 p - 2 potions of berserk rage {!q}
 u - a potion of haste {@q3}
 w - a potion of heal wounds {unknown}
 z - a potion of enlightenment {unknown}

Dungeon Overview and Level Annotations

Branches:
Dungeon (8/15)             Temple (1/1) D:4
   Lair: D:8-11

Altars:
Cheibriados
Dithmenos
Elyvilon
Gozag
Hepliaklqana
Kikubaaqudgha
Makhleb
Okawaru
Qazlal
Ru
Sif Muna
Uskayaw
Vehumet
Wu Jian
Xom
Yredelemnul
Zin
The Shining One

Shops:
D:5

?
#............#
#.###...)..###
#..........#
######..8..###.
##........
#......##
#.##^...#
#.#######.#
.####
#....)R@..# #
########Y†#
.K.# ###.# #.#
... .... ...


You could see the friendly Ælfthryth the battlemage, a death yak (ally target)
and a kobold.


Message History

A death yak comes into view.
The death yak gores you.
A kobold comes into view. It is wielding a +0 short sword.
The kobold shouts!
You hit the death yak but do no damage. The death yak gores you.
You hit the death yak but do no damage. You slash the death yak!
The death yak is lightly wounded.
The death yak gores you!
You slice the death yak!!
The death yak is moderately wounded.
The death yak gores you. Ælfthryth gestures at the death yak while chanting.
The puff of frost hits the death yak!
You slash the death yak!
The death yak is severely wounded.
The death yak gores you.
You barely miss the death yak.
The death yak is severely wounded.
The death yak gores you!!
* * * LOW HITPOINT WARNING * * *
You hit the death yak but do no damage.
The death yak is severely wounded.
The death yak gores you!
* * * LOW HITPOINT WARNING * * *
Okay, then.
You slash the death yak!
The death yak is almost dead.
The death yak gores you!!
You die...

Skill      XL: |  1  2  3  4  5  6  7  8  9 |
---------------+----------------------------+-----
Unarmed Combat | 3 6 |  6.3
Shapeshifting  | 4 5 6 8 10 | 10.4
Fighting       | |  1.5
Dodging        | |  1.5

Action                     |  1- 3 |  4- 6 |  7- 9 || total
---------------------------+-------+-------+-------++-------
  Melee: Unarmed           |    83 |    96 |   201 ||   380
         Punch             |     3 |     2 |     4 ||     9
 Invoke: Ancestor Life: Ba |       |       |     1 ||     1
  Evoke: Wand              |       |       |     5 ||     5
    Use: Potion            |       |     1 |     2 ||     3
         Scroll            |       |       |     7 ||     7
 Armour: Animal skin       |    22 |    18 |    13 ||    53
         Skin              |       |     1 |    30 ||    31
         Robe              |       |       |    11 ||    11
  Dodge: Dodged            |    31 |    34 |    77 ||   142
   Form: Blade             |       |     1 |       ||     1

Levels and vault maps discovered:
D:1:      eino_arrival_water_star, layout_basic,
          hellmonk_ecumenical_altar_lost_god
D:2:      layout_basic, minmay_liquid_box, uniq_terence
D:3:      layout_loops_ring, lemuel_crystal_altar, minmay_increasing_density
D:4:      minmay_chambers_of_threes, layout_loops_cross,
          minmay_temple_entry_large_hall, hangedman_abyss_or_decor_stabs,
          corexii_hall_statues_l, minmay_tree_intersection
D:5:      layout_cave_pools, mainiacjoe_overflow_alcove_2, serial_shops,
          nicolae_shop_peninsula
D:6:      layout_rooms, hellmonk_okawaru_the_only_friend_you_need,
          hangedman_decor_clover_reticule, hangedman_abyss_or_decor_lesser_grid,
          kennysheep_generic_room_7, uniq_duvessa
D:7:      layout_loops_ring, nicolae_overflow_hidden_temple
D:8:      layout_basic, gammafunk_temple_overflow_claw, serial_ice,
          serial_ice_o, serial_ice_l, serial_ice_e, serial_ice_d,
          kennysheep_windowed_goal
Temple:   compressed_dpeg_circular_temple

Notes
Turn   | Place    | Note
-------+----------+-------------------------------------------
     0 | D:1      | AIAndy the Troll Shapeshifter began the quest for the Orb.
     0 | D:1      | Reached XP level 1. HP: 19/19 MP: 0/0
   135 | D:1      | Reached XP level 2. HP: 24/27 MP: 1/1
   172 | D:1      | Found a faded altar of an unknown god.
   493 | D:1      | Reached XP level 3. HP: 33/33 MP: 2/2
  1118 | D:2      | Reached skill level 3 in Unarmed Combat
  1240 | D:2      | Noticed Terence
  1248 | D:2      | Killed Terence
  1639 | D:3      | Reached XP level 4. HP: 34/41 MP: 3/3
  1806 | D:3      | Reached skill level 4 in Shapeshifting
  1874 | D:3      | Found a shimmering blue altar of Sif Muna.
  2168 | D:3      | Reached XP level 5. HP: 48/48 MP: 4/4
  2352 | D:4      | Reached skill level 5 in Shapeshifting
  2417 | D:4      | Reached XP level 6. HP: 35/55 MP: 5/5
  2453 | D:4      | Found a staircase to the Ecumenical Temple.
  2470 | Temple   | Entered the Ecumenical Temple
  2560 | Temple   | Became a worshipper of Hepliaklqana the Forgotten
  2621 | D:4      | Identified the ring of Poful {rPois rF- MP+9 Int+2 Dex+4}
  2721 | D:4      | Noticed a water moccasin
  2731 | D:4      | Killed a water moccasin
  2732 | D:4      | Reached skill level 6 in Shapeshifting
  2790 | D:4      | Reached XP level 7. HP: 45/62 MP: 6/6
  3229 | D:5      | Entered Level 5 of the Dungeon
  3255 | D:4      | Reached skill level 7 in Shapeshifting
  3470 | D:5      | Reached skill level 8 in Shapeshifting
  3489 | D:5      | Reached XP level 8. HP: 33/70 MP: 7/7
  3735 | D:5      | Reached * piety under Hepliaklqana
  3741 | D:5      | Found a basalt altar of Yredelemnul.
  3819 | D:5      | Found Xuask's Magic Scroll Boutique.
  3827 | D:5      | Bought a scroll of fear for 44 gold pieces
  3827 | D:5      | Bought a scroll of teleportation for 33 gold pieces
  3827 | D:5      | Bought a scroll of identify for 22 gold pieces
  3950 | D:6      | Noticed Dowan
  4091 | D:6      | Noticed Duvessa
  4103 | D:6      | Killed Duvessa
  4104 | D:6      | Reached skill level 9 in Shapeshifting
  4112 | D:6      | HP: 2/63 [Dowan/stone arrow (14)]
  4127 | D:6      | Killed Dowan
  4294 | D:6      | HP: 9/94 [poisoned by a killer bee]
  4299 | D:6      | HP: 8/94 [poisoned by a killer bee]
  4433 | D:6      | Found an iron altar of Okawaru.
  4752 | D:7      | Reached skill level 10 in Shapeshifting
  4827 | D:7      | Reached XP level 9. HP: 37/68 MP: 8/8
  4903 | D:7      | Reached skill level 4 in Unarmed Combat
  4956 | D:7      | Found an ancient bone altar of Kikubaaqudgha.
  5270 | D:7      | Reached ** piety under Hepliaklqana
  5271 | D:7      | Remembered your ancestor Ælfthryth as a battlemage
  5278 | D:7      | Reached skill level 5 in Unarmed Combat
  5359 | D:8      | Noticed a polar bear
  5373 | D:8      | Killed a polar bear
  5374 | D:8      | Reached skill level 6 in Unarmed Combat
  5404 | D:8      | Noticed a death yak
  5412 | D:8      | HP: 2/68 [death yak (15)]
  5413 | D:8      | Demolished by a death yak

Vanquished Creatures
  Duvessa (D:6)
  2 water moccasins
  A sky beast (D:7)
  A black bear (D:5)
  A phantom (D:4)
  A kobold brigand (D:8)
  2 bullfrogs
  4 scorpions
  6 wights (D:7)
  5 killer bees (D:6)
  A gnoll bouda (D:7)
  4 hounds
  3 jellies
  4 orc priests
  3 sleepcaps
  6 iguanas
  2 orc wizards (D:5)
  Terence (D:2)
  3 gnolls (D:7)
  7 adders
  2 shadow imps (D:6)
  An ufetubus (D:8)
  2 worms
  2 dart slugs
  20 orcs
  5 bats
  5 endoplasms
  2 giant cockroaches
  11 goblins
  10 hobgoblins
  9 jackals
  14 kobolds
  3 quokkas
  10 ball pythons
  A frilled lizard (D:1)
  4 rats
159 creatures vanquished.

Vanquished Creatures (collateral kills)
  A polar bear (D:8)
  2 wolves (D:8)
  A wight (D:7)
  Dowan (D:6)
  A gnoll (D:7)
  A white imp (D:8)
  2 orcs
  A kobold (D:8)
10 creatures vanquished.

Vanquished Creatures (others)
  2 ancestors (D:6)
2 creatures vanquished.

Grand Total: 171 creatures vanquished

Table legend: (Time is in decaauts)
 A = Elapsed time spent in this place.
 B = Non-inter-level travel time spent in this place.
 C = Inter-level travel time spent in this place.
 D = Time resting spent in this place.
 E = Time spent auto-exploring this place.
 F = Levels seen in this place.
 G = Mean time per level.
                   A        B        C        D        E       F      G
               +--------+--------+--------+--------+--------+-----+--------+
         Total |   5389 |   5001 |    388 |    171 |   3812 |   9 |  598.8 |
       Dungeon |   5288 |   4923 |    365 |    171 |   3750 |   8 |  661.0 |
        Temple |    100 |     77 |     23 |      0 |     62 |   1 |  100.0 |
               +--------+--------+--------+--------+--------+-----+--------+

Top non-repeatable levels by time:
     D:4: 914 daAuts
     D:1: 889 daAuts
     D:2: 752 daAuts
     D:3: 695 daAuts
     D:6: 674 daAuts
     D:5: 653 daAuts
     D:7: 653 daAuts
  Temple: 100 daAuts
     D:8: 56 daAuts

Table legend:
 A = Non-vault XP
 B = Vault XP
 C = Vault XP percentage of total XP
 D = Non-vault monster count
 E = Vault monster count
 F = Vault count percentage of total count
                 A         B        C        D         E       F
            +---------+---------+-------+---------+---------+-------
      Total |    3066 |    1145 |  27.2 |     142 |      27 |  16.0
            +---------+---------+-------+---------+---------+-------
        D:1 |      45 |       0 |   0.0 |      26 |       0 |   0.0
        D:2 |      16 |      32 |  66.7 |      11 |       1 |   8.3
        D:3 |      85 |      19 |  18.3 |      28 |       4 |  12.5
        D:4 |     463 |     288 |  38.3 |      18 |      12 |  40.0
        D:5 |     733 |       0 |   0.0 |      22 |       0 |   0.0
        D:6 |     651 |     259 |  28.5 |      15 |       5 |  25.0
        D:7 |     975 |       0 |   0.0 |      17 |       0 |   0.0
        D:8 |      98 |     547 |  84.8 |       5 |       5 |  50.0
            +---------+---------+-------+---------+---------+-------
